[Event "Titled Tuesday Blitz January 31 Early 2023"]
[White "Ordekalog"]
[Black "Goltsev, Dmitry"]
[BlackFideId "24176710"]
[WhiteElo "2589"]
[BlackElo "2269"]
[Result "1-0"]
[Round "06"]
[TimeControl "180+2"]
[Date "2023.01.31"]
[WhiteClock "0:00:28"]
[BlackClock "0:00:50"]

1. e4 e6 2. Bb5 a6 3. Ba4 b5 4. Bb3 Bb7 5. d3 Nf6 6. Nf3 d5 7. e5 Nfd7 8. d4 c5 9. c3 Nc6 10. O-O cxd4 11. cxd4 Be7 12. Nc3 Nb6 13. a4 b4 14. Ne2 Na5 15. Bc2 g6 16. Bh6 Rc8 17. Rc1 Nbc4 18. b3 Na3 19. Bd3 Kd7 20. Bg7 Rg8 21. Bf6 Bxf6 22. exf6 Qxf6 23. Ne5+ Ke7 24. Rxc8 Rxc8 25. Qd2 Kf8 26. Qxb4+ Kg7 27. Qxa5 Nc2 28. Qb6 Ba8 29. Qxa6 Qd8 30. Qa7 Rc7 31. Qb6 f6 32. Nxg6 hxg6 33. Bxc2 Qc8 34. Bd3 Rc6 35. Qb4 Qc7 36. h3 e5 37. dxe5 fxe5 38. a5 e4 39. Bb5 Rc2 40. a6 Kh7 41. Nd4 Ra2 42. Qf8 Qe5 43. Qxa8 Qxd4 44. Qb7+ Kh6 45. Qe7 Qb4 46. Qxb4 1-0


[Site "https://www.chess.com"]

[Event "Titled Tuesday Blitz January 31 Early 2023"]
[White "Kim, Sergey"]
[Black "Lortkipanidze, Nodar"]
[WhiteFideId "13700570"]
[BlackFideId "13604058"]
[WhiteElo "2295"]
[BlackElo "2406"]
[Result "0-1"]
[Round "06"]
[TimeControl "180+2"]
[Date "2023.01.31"]
[WhiteClock "0:02:00"]
[BlackClock "0:01:59"]

1. d4 e6 2. c4 b6 3. Nc3 Bb7 4. a3 f5 5. Nf3 Nf6 6. g3 Ne4 7. Qd3 Be7 8. Bg2 Nxc3 9. Qxc3 Bf6 10. O-O O-O 11. Rd1 c5 12. e3 Be4 13. b4 Nc6 14. b5 Na5 15. Ne5 Bxg2 16. Kxg2 Qc7 17. Bb2 cxd4 18. exd4 d6 19. Nf3 Qxc4 20. Qe1 Qd5 21. Rac1 g5 0-1


[Site "https://www.chess.com"]

[Event "Titled Tuesday Blitz January 31 Early 2023"]
[White "Al-Tarboush, Ward"]
[Black "Costachi, Mihnea"]
[WhiteFideId "7601450"]
[BlackFideId "1217518"]
[WhiteElo "2256"]
[BlackElo "2476"]
[Result "0-1"]
[Round "06"]
[TimeControl "180+2"]
[Date "2023.01.31"]
[WhiteClock "0:00:05"]
[BlackClock "0:00:20"]

1. e4 Nc6 2. Nf3 d5 3. exd5 Qxd5 4. Nc3 Qd8 5. d4 Bg4 6. d5 Ne5 7. Nxe5 Bxd1 8. Bb5+ c6 9. dxc6 a6 10. c7+ axb5 11. cxd8=Q+ Rxd8 12. Nxd1 g6 13. O-O Bg7 14. Bf4 Nf6 15. a3 Nh5 16. g3 g5 17. Nxf7 Kxf7 18. Bxg5 Rd5 19. h4 h6 20. Be3 Rc8 21. c3 Rc4 22. Kg2 Rd3 23. f3 Be5 24. f4 Bg7 25. Rf2 Nf6 26. Rd2 Rxd2+ 27. Bxd2 Ne4 28. Be3 Rc8 29. Nf2 Nd6 30. Rd1 Nf5 31. Kf3 Nd6 32. Bd4 Nc4 33. Bxg7 Kxg7 34. Nd3 Rd8 35. Ke2 Kf6 36. Nf2 Rg8 37. Ne4+ Kf7 38. b3 Na5 39. b4 Nc4 40. Nc5 Rxg3 41. Nxb7 Rxc3 42. Rd3 Rc2+ 43. Kf3 Ra2 44. Nc5 Nxa3 45. Nd7 Nc2 46. Ne5+ Ke6 47. Nc6 Ne1+ 48. Ke4 Nxd3 49. Kxd3 Rh2 50. Nd4+ Kd5 51. Nf5 Rh3+ 52. Kd2 e6 53. Ne7+ Ke4 54. Ng6 h5 55. Kc2 Kf5 56. Ne7+ Kxf4 57. Ng6+ Kf5 58. Ne7+ Kf6 59. Nc6 Rxh4 60. Kb3 Rg4 61. Na7 Rg5 62. Nc6 h4 63. Nd4 h3 0-1


[Site "https://www.chess.com"]

[Event "Titled Tuesday Blitz January 31 Early 2023"]
[White "Najdin, Danil"]
[Black "Bilych, Olexiy"]
[WhiteFideId "4172426"]
[BlackFideId "14156504"]
[WhiteElo "2235"]
[BlackElo "2441"]
[Result "0-1"]
[Round "06"]
[TimeControl "180+2"]
[Date "2023.01.31"]
[WhiteClock "0:01:27"]
[BlackClock "0:01:15"]

1. c4 Nf6 2. Nf3 e6 3. b3 d5 4. Bb2 Be7 5. e3 O-O 6. Be2 b6 7. O-O Bb7 8. d4 c5 9. cxd5 exd5 10. Nc3 Nbd7 11. Rc1 Re8 12. dxc5 bxc5 13. Bb5 a6 14. Ba4 Rc8 15. Qe2 Rf8 16. Bxd7 Qxd7 17. Na4 Qb5 18. Qxb5 axb5 19. Bxf6 gxf6 20. Nc3 b4 21. Na4 d4 22. exd4 Bxf3 23. gxf3 cxd4 24. Rfd1 Rxc1 25. Rxc1 Rd8 26. Rd1 f5 27. Kf1 Bf6 28. Ke2 Rc8 29. Kd3 Kf8 30. Re1 h5 31. h3 Rc6 32. Re2 Rc1 33. Nb6 Rc3+ 34. Kd2 Bg5+ 0-1


[Site "https://www.chess.com"]

[Event "Titled Tuesday Blitz January 31 Early 2023"]
[White "Kosteniuk, Alexandra"]
[Black "Sukandar, Irine Kharisma"]
[WhiteFideId "4128125"]
[BlackFideId "7101937"]
[WhiteElo "2535"]
[BlackElo "2390"]
[Result "1-0"]
[Round "06"]
[TimeControl "180+2"]
[Date "2023.01.31"]
[WhiteClock "0:00:21"]
[BlackClock "0:00:01"]

1. e4 c5 2. c3 g6 3. Nf3 Bg7 4. d4 cxd4 5. cxd4 d5 6. e5 Nc6 7. Bb5 Qb6 8. Nc3 e6 9. h4 Bd7 10. Bxc6 Bxc6 11. Qd3 Ne7 12. h5 h6 13. hxg6 Nxg6 14. b3 O-O-O 15. Bd2 Kb8 16. O-O Rc8 17. Rfb1 h5 18. a4 h4 19. a5 Qa6 20. Qxa6 bxa6 21. Kh2 Bh6 22. Bxh6 Rxh6 23. Ng5 Be8 24. Rc1 Rh5 25. Nh3 Rf5 26. f3 Nf4 27. Nxf4 Rxf4 28. Ne2 Rf5 29. Rxc8+ Kxc8 30. Rc1+ Kb7 31. Kh3 Bb5 32. Nc3 Rg5 33. Nxb5 axb5 34. Rc2 Rf5 35. Kxh4 Rf4+ 36. Kg5 Rxd4 37. Kf6 Rf4+ 38. Ke7 b4 39. Kd6 Ka6 40. Kc5 Rf5 41. Re2 Rf4 42. Re1 Rf5 43. Kxb4 Rf4+ 44. Kc5 Kb7 45. Re2 1-0


[Site "https://www.chess.com"]

[Event "Titled Tuesday Blitz January 31 Early 2023"]
[White "Zahid, Sanatan"]
[Black "Shapiro, Viktor"]
[WhiteFideId "10201963"]
[BlackFideId "4175700"]
[WhiteElo "1930"]
[BlackElo "2192"]
[Result "1-0"]
[Round "06"]
[TimeControl "180+2"]
[Date "2023.01.31"]
[WhiteClock "0:01:02"]
[BlackClock "0:00:20"]

1. d4 Nf6 2. Nc3 d5 3. Bf4 Bf5 4. f3 h5 5. e3 e6 6. Bd3 Bd6 7. Nge2 Nbd7 8. Bxd6 Bxd3 9. Qxd3 cxd6 10. O-O-O Qb6 11. Kb1 O-O-O 12. Rc1 Kb8 13. Na4 Qa5 14. b3 Rc8 15. c3 b5 16. Nb2 Nb6 17. Rc2 b4 18. Rhc1 bxc3 19. Nxc3 h4 20. h3 a6 21. Nba4 Kb7 22. Nxb6 Qxb6 23. Na4 Qb5 24. Qd2 Nd7 25. Rc3 Nb6 26. Nxb6 Qxb6 27. Qc2 Rxc3 28. Qxc3 a5 29. a4 Rb8 30. Ka2 Ka7 31. Qc7+ Rb7 32. Qxb6+ Kxb6 33. Kb2 g5 34. Rc8 e5 35. Kc3 f5 36. Rg8 Rc7+ 37. Kd3 e4+ 38. Kd2 exf3 39. gxf3 f4 40. exf4 gxf4 41. Rg4 Kc6 42. Rxh4 Rb7 43. Kc3 Rg7 44. Rxf4 Rg3 45. h4 Rh3 46. Kb2 Rh2+ 47. Ka3 Rd2 48. h5 Rh2 49. Rf5 Rh4 50. f4 Rh2 51. Rg5 Rh4 52. f5 Rxd4 53. f6 Kd7 54. Rf5 Ke8 55. h6 Kf7 56. h7 Rh4 57. Rxd5 Ke6 58. Rf5 Rxh7 59. Rxa5 Kxf6 60. Rd5 Ke6 61. Rd1 d5 62. a5 Ke5 63. b4 d4 64. Ka4 Ke4 65. a6 d3 66. b5 Ke3 67. Ka5 Rh2 68. a7 Ra2+ 69. Kb6 d2 70. Kb7 Ke2 71. Rxd2+ Kxd2 72. a8=Q Rxa8 73. Kxa8 Kc3 74. b6 1-0


[Site "https://www.chess.com"]

[Event "Titled Tuesday Blitz January 31 Early 2023"]
[White "Slade, Theodore"]
[Black "Hambleton, Aman"]
[WhiteFideId "426547"]
[BlackFideId "2606577"]
[WhiteElo "1995"]
[BlackElo "2420"]
[Result "0-1"]
[Round "06"]
[TimeControl "180+2"]
[Date "2023.01.31"]
[WhiteClock "0:01:15"]
[BlackClock "0:00:01"]

1. d4 Nf6 2. c4 e6 3. g3 c5 4. d5 exd5 5. cxd5 d6 6. Nc3 g6 7. Bg2 Bg7 8. Nf3 O-O 9. O-O Nbd7 10. Bf4 Qe7 11. Nd2 Ng4 12. Nc4 Nge5 13. Nxe5 Nxe5 14. e4 a6 15. a4 Bd7 16. a5 Rab8 17. Na4 Bb5 18. Re1 Nd3 19. Re2 Nxf4 20. gxf4 Bxe2 21. Qxe2 Qh4 22. Qe3 Bh6 23. Qg3 Qxf4 24. Qxf4 Bxf4 25. Nb6 Rbd8 26. Nc4 f5 27. exf5 Rxf5 28. Bh3 Rg5+ 29. Kh1 Kg7 30. Be6 Rf8 31. Rb1 Be5 32. Rf1 Rf4 33. b3 Rf3 34. Nd2 Rd3 35. Ne4 Rh5 36. h3 Rxb3 37. f4 Bf6 38. Nxd6 Bd4 39. Ne8+ Kf8 40. Nc7 c4 41. d6 Rb2 42. d7 Bf6 43. Nd5 Bd8 44. Rc1 Re2 45. Bg4 Rxd5 46. Rxc4 Rd1# 0-1


[Site "https://www.chess.com"]

[Event "Titled Tuesday Blitz January 31 Early 2023"]
[White "Ismagilov, Damir"]
[Black "Klekowski, Maciej"]
[WhiteFideId "34199982"]
[BlackFideId "1132717"]
[WhiteElo "2156"]
[BlackElo "2477"]
[Result "0-1"]
[Round "06"]
[TimeControl "180+2"]
[Date "2023.01.31"]
[WhiteClock "0:00:01"]
[BlackClock "0:01:12"]

1. e4 b6 2. Nf3 Bb7 3. Nc3 e6 4. g3 d5 5. exd5 exd5 6. d4 Bb4 7. Bg2 Ba6 8. Bd2 Bxc3 9. Bxc3 Nf6 10. Qd2 Qe7+ 11. Qe3 Qxe3+ 12. fxe3 Nbd7 13. Bf1 Bxf1 14. Rxf1 Ne4 15. Nd2 Nxd2 16. Bxd2 Nf6 17. O-O-O O-O 18. Kb1 Rfe8 19. b3 b5 20. Kb2 Re6 21. Bc1 Rae8 22. Rd3 Ne4 23. a3 g6 24. b4 f5 25. Kb3 h5 26. a4 Rb8 27. a5 Rbe8 28. c3 Nd6 29. Rf3 Kg7 30. Bd2 g5 31. Bc1 Kg6 32. Kc2 g4 33. Rf2 Nc4 34. Re2 h4 35. Kb3 Rh8 36. Rd1 a6 37. Kc2 hxg3 38. hxg3 Rh3 39. Rg1 Nd6 40. Bd2 Ne4 41. Be1 Ng5 42. Bf2 Rh2 43. Kd3 Nf3 44. Rf1 Re8 45. Be1 Reh8 46. Bf2 Ng5 47. Be1 Ne4 48. Rg1 c6 49. Reg2 Ng5 50. Bf2 Nf3 51. Rxh2 Rxh2 52. Rf1 Ng5 53. Ke2 Ne4 54. Ke1 Rg2 55. Rg1 Rxf2 56. Rh1 Kg7 57. Rh5 Rf3 58. Ke2 Nf6 59. Rg5+ Kf7 0-1


[Site "https://www.chess.com"]

[Event "Titled Tuesday Blitz January 31 Early 2023"]
[White "Papasimakopoulos, Alexandros"]
[Black "Garv Gaur"]
[WhiteFideId "4244125"]
[BlackFideId "45030839"]
[WhiteElo "2401"]
[BlackElo "2006"]
[Result "1/2-1/2"]
[Round "06"]
[TimeControl "180+2"]
[Date "2023.01.31"]
[WhiteClock "0:00:15"]
[BlackClock "0:00:05"]

1. d4 Nf6 2. c4 e6 3. Nc3 Bb4 4. Qc2 O-O 5. a3 Bxc3+ 6. Qxc3 d5 7. Nf3 b6 8. Bg5 dxc4 9. Qxc4 Ba6 10. Qa4 c5 11. dxc5 bxc5 12. Rc1 Qb6 13. Bxf6 gxf6 14. Rc2 Nc6 15. e3 Bxf1 16. Rxf1 Rac8 17. Ke2 Rfd8 18. Rfc1 Ne7 19. h4 Rc7 20. b4 Rdc8 21. b5 Rd8 22. Kf1 Qd6 23. Kg1 f5 24. Qf4 Qxf4 25. exf4 Rd3 26. a4 Ra3 27. Rc4 Nd5 28. Ne5 Nb6 29. Rxc5 Rxc5 30. Rxc5 f6 31. Nc6 Rxa4 32. g3 Rc4 33. Rxc4 Nxc4 34. Nxa7 Kf7 35. Kf1 Ke7 36. Ke2 Kd7 37. Kd3 Nb2+ 38. Kd4 Kc7 39. Nc6 Na4 40. Kc4 Nb6+ 41. Kc5 Na4+ 42. Kb4 Nb2 43. Nd4 e5 44. Ne6+ Kb6 45. fxe5 fxe5 46. Ng7 Nd3+ 47. Kc4 Nb2+ 48. Kd5 Nd3 49. Nxf5 Nxf2 50. Nd6 Ng4 51. Nc4+ Kxb5 52. Nxe5 Ne3+ 53. Ke4 Nf1 54. g4 Kc5 55. Kf5 Kd5 56. Nf3 Ne3+ 57. Kf4 Ng2+ 58. Kg3 Ne3 59. Ng5 h6 60. Nf7 h5 61. gxh5 Ke6 62. Ng5+ Kf6 63. h6 Kg6 64. h7 Kg7 65. Kf4 Nd5+ 66. Kf5 Ne7+ 67. Ke6 Ng6 68. h5 Nf4+ 69. Kf5 Nxh5 70. Ne6+ Kxh7 1/2-1/2


[Site "https://www.chess.com"]

[Event "Titled Tuesday Blitz January 31 Early 2023"]
[White "Ilkhomi, Jaloliddin"]
[Black "Aradhya, Garg"]
[WhiteFideId "14700948"]
[BlackFideId "25006746"]
[WhiteElo "1997"]
[BlackElo "2284"]
[Result "1/2-1/2"]
[Round "06"]
[TimeControl "180+2"]
[Date "2023.01.31"]
[WhiteClock "0:00:10"]
[BlackClock "0:00:11"]

1. d4 d5 2. Bf4 Nf6 3. e3 c5 4. c3 Nc6 5. Nd2 Qb6 6. Qb3 g6 7. Ngf3 c4 8. Qc2 Bf5 9. Qc1 Bg7 10. Be2 O-O 11. O-O Qd8 12. Bd1 b5 13. Bc2 Bxc2 14. Qxc2 a5 15. b3 Rc8 16. Qb2 Nh5 17. Ne5 Nxf4 18. exf4 e6 19. bxc4 bxc4 20. Nxc6 Rxc6 21. Rab1 Qc7 22. Qb7 Rc8 23. Qxc7 R8xc7 24. a4 h6 25. Rb5 g5 26. fxg5 hxg5 27. Rfb1 Ra7 28. h4 gxh4 29. Nf3 Bf6 30. Rb8+ Kg7 31. Kf1 Rcc7 32. Ke2 Re7 33. g3 e5 34. dxe5 Bxe5 35. Nxe5 Rxe5+ 36. Kf3 Rf5+ 37. Kg2 h3+ 38. Kxh3 Rxf2 39. R8b5 Rd7 40. Rd1 d4 41. Rxd4 Rxd4 42. cxd4 Rd2 43. d5 Kf6 44. Rxa5 Ke5 45. Rc5 Kd4 46. Rc8 Kc3 47. Rd8 Kb4 48. d6 c3 49. d7 Ka3 50. Rc8 Rxd7 51. Rxc3+ Kxa4 52. Kg4 Kb4 53. Rc8 Kb5 54. Kf5 Rd3 55. g4 Rf3+ 56. Ke5 Rf1 57. Rc2 f6+ 58. Ke4 Re1+ 59. Kf5 Rf1+ 60. Kg6 Rf4 61. Kh5 Kb6 62. Rc3 Kb5 63. Rg3 Kc5 64. Rd3 Kc4 65. Rd8 Kc5 66. Rd1 Kc4 67. Kg6 Rxg4+ 68. Kxf6 Rf4+ 69. Ke5 1/2-1/2


[Site "https://www.chess.com"]

[Event "Titled Tuesday Blitz January 31 Early 2023"]
[White "Orlov, Georgi"]
[Black "Wagh Suyog"]
[WhiteFideId "2011271"]
[BlackFideId "25071688"]
[WhiteElo "2453"]
[BlackElo "2313"]
[Result "1-0"]
[Round "06"]
[TimeControl "180+2"]
[Date "2023.01.31"]
[WhiteClock "0:00:14"]
[BlackClock "0:00:09"]

1. d4 f5 2. Nf3 Nf6 3. g3 g6 4. Bg2 Bg7 5. O-O O-O 6. c4 d6 7. Nc3 c6 8. b4 Kh8 9. a4 Be6 10. c5 a5 11. b5 dxc5 12. Ba3 Nfd7 13. Rc1 cxb5 14. Nxb5 Nc6 15. d5 Bxd5 16. Qxd5 Nb4 17. Qxb7 Rb8 18. Qc7 Nb6 19. Qxd8 Rfxd8 20. Ng5 Rd2 21. Rxc5 Nxa4 22. Rc7 Bf6 23. Ne6 Rxe2 24. Nbd4 Ra2 25. Bc1 Nb6 26. Nc6 Nxc6 27. Rxc6 Nd7 28. Bf4 Re8 29. Rd1 Ne5 30. Bxe5 Bxe5 31. Ng5 Bf6 32. h4 a4 33. Bd5 Rb2 34. Ra6 Rb4 35. Kg2 h6 36. Ne6 Rc8 37. Nf4 Kg7 38. h5 g5 39. Ne6+ Kh7 40. Bc6 a3 41. Bd7 Rc3 42. Be8 Rb8 43. Bg6+ Kg8 44. Bxf5 Rcb3 45. Nc7 Kg7 46. Be6 R3b7 47. Nd5 Rb3 48. Nxf6 exf6 49. Bxb3 1-0


[Site "https://www.chess.com"]

[Event "Titled Tuesday Blitz January 31 Early 2023"]
[White "Nazari, Arad"]
[Black "Derjabin, Ilja"]
[WhiteFideId "12577324"]
[BlackFideId "14104768"]
[WhiteElo "2367"]
[BlackElo "2333"]
[Result "1-0"]
[Round "06"]
[TimeControl "180+2"]
[Date "2023.01.31"]
[WhiteClock "0:00:14"]
[BlackClock "0:00:02"]

1. e4 e6 2. d4 d5 3. e5 c5 4. c3 Qa5 5. Nf3 cxd4 6. Bd2 dxc3 7. Nxc3 Nc6 8. a3 Qd8 9. Bd3 Nge7 10. h4 d4 11. Nb5 Nd5 12. Nbxd4 Nxd4 13. Nxd4 Be7 14. Qg4 Kf8 15. h5 h6 16. Rh3 Bg5 17. Bxg5 hxg5 18. Ne2 Bd7 19. Rd1 Rc8 20. Rg3 Bc6 21. Be4 Qe7 22. Qxg5 Qxg5 23. Rxg5 Ne3 24. fxe3 Bxe4 25. Nc3 Bc6 26. Rd4 Ke7 27. Rf4 Rh7 28. g4 a6 29. Ne2 Bb5 30. Nc3 Bd3 31. Rd4 Bc2 32. Kd2 Bb3 33. Rb4 Bd5 34. Nxd5+ exd5 35. Rxb7+ Ke6 36. Rb6+ Ke7 37. Rd6 Rb8 38. b4 f6 39. Rf5 fxe5 40. Rxd5 g6 41. Rfxe5+ Kf6 42. g5+ Kf7 43. h6 Rhh8 44. Rd7+ Kf8 45. Ree7 1-0


[Site "https://www.chess.com"]

[Event "Titled Tuesday Blitz January 31 Early 2023"]
[White "Nigmatov, Ortik"]
[Black "Roux, Baptiste"]
[WhiteFideId "14202131"]
[BlackFideId "36017450"]
[WhiteElo "2438"]
[BlackElo "2300"]
[Result "0-1"]
[Round "06"]
[TimeControl "180+2"]
[Date "2023.01.31"]
[WhiteClock "0:00:50"]
[BlackClock "0:00:39"]

1. e4 c5 2. Nf3 e6 3. d4 cxd4 4. Nxd4 Nf6 5. Nc3 Nc6 6. Ndb5 Bb4 7. a3 Bxc3+ 8. Nxc3 d5 9. exd5 exd5 10. Bd3 O-O 11. O-O d4 12. Ne2 Re8 13. Bg5 h6 14. Bh4 Qd6 15. Bg3 Qc5 16. b4 Qb6 17. b5 Ne5 18. Nxd4 Bg4 19. Qd2 Nxd3 20. Qxd3 Rad8 21. c3 Be2 22. Qf5 Bxf1 23. Rxf1 Ne4 24. Bh4 Rc8 25. Ne2 Nxc3 26. Nf4 Rc5 27. Qd7 Ne2+ 28. Nxe2 Rxe2 29. a4 Qc7 30. Qd4 Rc4 31. Qd3 Rxh4 32. Qxe2 Qxh2# 0-1


[Site "https://www.chess.com"]

[Event "Titled Tuesday Blitz January 31 Early 2023"]
[White "Zochowski, Kacper"]
[Black "Hasangatin, Ramil"]
[WhiteFideId "1125494"]
[BlackFideId "4122160"]
[WhiteElo "2262"]
[BlackElo "2457"]
[Result "0-1"]
[Round "06"]
[TimeControl "180+2"]
[Date "2023.01.31"]
[WhiteClock "0:01:29"]
[BlackClock "0:02:04"]

1. Nf3 d6 2. c4 e5 3. Nc3 f5 4. g3 c5 5. e3 e4 6. Nh4 Nf6 7. d3 Nc6 8. Bg2 g5 9. Nxf5 Bxf5 10. dxe4 Bg4 11. Bf3 Bxf3 12. Qxf3 Ne5 13. Qe2 g4 14. h3 Qd7 15. hxg4 Qxg4 16. Qxg4 Nfxg4 17. b3 Bg7 18. Bb2 O-O 19. O-O-O Nxf2 20. Rxh7 Kxh7 21. Rxd6 Nfd3+ 22. Rxd3 Nxd3+ 23. Kd2 Nxb2 24. Nd5 Rad8 25. e5 Nxc4+ 26. Ke2 Bxe5 27. Nf6+ Bxf6 28. g4 Rg8 29. Kf3 Rg6 30. Kf4 Bg5+ 31. Kf5 Nd6+ 32. Ke5 Re8+ 33. Kd5 Rxe3 34. Kxc5 Re5+ 35. Kb4 Bd2+ 36. Ka3 Bc3 37. b4 Re4 38. Kb3 Rxb4+ 39. Kc2 Be1 40. a4 Rc4+ 41. Kd3 Rc3+ 42. Kd4 Nb5+ 43. Ke4 Nc7 44. g5 Re6+ 45. Kf5 Rc5+ 46. Kg4 Re4+ 47. Kf3 Rb4 48. g6+ Kg8 49. a5 Rc3+ 50. Ke2 Rb2+ 51. Kd1 Ra3 52. Kc1 Bc3 0-1


[Site "https://www.chess.com"]

[Event "Titled Tuesday Blitz January 31 Early 2023"]
[White "Lotfizadeh, Mehdi"]
[Black "Starozhilov, Leonid"]
[WhiteFideId "42513618"]
[BlackFideId "14106752"]
[WhiteElo "1529"]
[BlackElo "2313"]
[Result "1-0"]
[Round "06"]
[TimeControl "180+2"]
[Date "2023.01.31"]
[WhiteClock "0:00:05"]
[BlackClock "0:00:13"]

1. Nf3 Nf6 2. c4 g6 3. Nc3 Bg7 4. e4 d6 5. d4 Bg4 6. Be2 O-O 7. Be3 a6 8. O-O Nfd7 9. a4 Nc6 10. d5 Bxf3 11. Bxf3 Nb4 12. a5 c5 13. Be2 Rb8 14. Qd2 Re8 15. f4 b6 16. axb6 Rxb6 17. e5 dxe5 18. f5 Qc7 19. Ne4 Reb8 20. Bh6 Nf6 21. Bxg7 Kxg7 22. Ng5 a5 23. b3 Na6 24. Bd1 Rxb3 25. Bxb3 Rxb3 26. fxg6 hxg6 27. Qxa5 Qxa5 28. Rxa5 Nb4 29. Rxc5 Nd3 30. Rc7 Nf4 31. Rxe7 Ng4 32. g3 Ne2+ 33. Kh1 Ne3 34. Re1 Rb2 35. Rxf7+ Kh6 36. Ne4 Ng4 37. d6 Nd4 38. d7 Rxh2+ 39. Kg1 Rd2 40. Nxd2 Nc6 41. Ne4 Nd8 42. Re7 Ne6 43. Rxe6 Kh5 44. Kg2 Nf6 45. Rh1+ Kg4 46. Nxf6+ Kf5 47. d8=Q e4 48. Qd5# 1-0


[Site "https://www.chess.com"]

[Event "Titled Tuesday Blitz January 31 Early 2023"]
[White "Agasarov, Benik"]
[Black "Ronka, Erik"]
[WhiteFideId "13314823"]
[BlackFideId "505080"]
[WhiteElo "2235"]
[BlackElo "2276"]
[Result "1-0"]
[Round "06"]
[TimeControl "180+2"]
[Date "2023.01.31"]
[WhiteClock "0:00:38"]
[BlackClock "0:00:09"]

1. d4 d5 2. c4 c6 3. Nc3 Nf6 4. Nf3 e6 5. e3 Nbd7 6. Bd3 dxc4 7. Bxc4 b5 8. Bd3 Bb7 9. e4 b4 10. Na4 c5 11. e5 Nd5 12. O-O cxd4 13. Nxd4 Nxe5 14. Bb5+ Nd7 15. Re1 Be7 16. Rxe6 O-O 17. Nc6 Bxc6 18. Rxc6 Nc7 19. Rxc7 Qxc7 20. Qxd7 Qxd7 21. Bxd7 Rfd8 22. Bg4 Rac8 23. Be3 Rc2 24. Bd1 Rc7 25. Bb3 Bf6 26. g3 h6 27. Kf1 g5 28. Ke2 Kg7 29. Rd1 Rxd1 30. Bxd1 Be7 31. b3 f5 32. Nb2 a5 33. Bb6 Rc6 34. Nc4 f4 35. Bxa5 Re6+ 36. Kf3 Re1 37. Be2 fxg3 38. fxg3 Ra1 39. Bb6 Rxa2 40. Bd4+ Kf8 41. Ne5 Rd2 42. Be3 Rb2 43. Bc4 Bf6 44. Nd7+ Ke7 45. Nxf6 Rxh2 46. Nd5+ Kd6 47. Nxb4 Rb2 48. Nd3 Rc2 49. Bc5+ Kd7 50. b4 Kd8 51. Bd5 h5 52. Be4 h4 53. gxh4 gxh4 54. b5 Rc3 55. b6 Kc8 56. b7+ Kb8 57. Bd6+ Rc7 58. Bxc7+ Kxc7 59. Kg4 Kb8 60. Kxh4 Ka7 61. Ne5 Kb8 62. Nd7+ Kc7 63. b8=Q+ Kxd7 64. Qb6 Ke7 65. Kg5 Kf7 66. Bd5+ Kg7 67. Qc7+ Kh8 68. Qd8+ Kh7 69. Qg8# 1-0


[Site "https://www.chess.com"]

[Event "Titled Tuesday Blitz January 31 Early 2023"]
[White "Guliev, Logman"]
[Black "Szpar, Milosz"]
[WhiteFideId "13400061"]
[BlackFideId "1184989"]
[WhiteElo "2250"]
[BlackElo "2447"]
[Result "0-1"]
[Round "06"]
[TimeControl "180+2"]
[Date "2023.01.31"]
[WhiteClock "0:00:01"]
[BlackClock "0:01:45"]

1. e3 c5 2. Nf3 g6 3. d4 Bg7 4. c4 Nf6 5. Nc3 O-O 6. Be2 cxd4 7. exd4 d5 8. O-O Nc6 9. h3 Be6 10. c5 Ne4 11. Bf4 h6 12. Rc1 g5 13. Bh2 f5 14. Bb5 Rc8 15. Bxc6 bxc6 16. Be5 Bf6 17. Bxf6 exf6 18. Ne1 f4 19. f3 Ng3 20. Rf2 Bf5 21. Ne2 Re8 22. Nxg3 fxg3 23. Re2 Qa5 24. b3 Kf7 25. Qd2 Qxd2 26. Rxd2 Re7 27. Kf1 Rce8 28. Nc2 Bc8 29. Nb4 a5 30. Nd3 Ba6 31. a3 Re3 32. Rcd1 Rb8 33. b4 axb4 34. axb4 Rxb4 35. Re1 Bxd3+ 0-1


[Site "https://www.chess.com"]

[Event "Titled Tuesday Blitz January 31 Early 2023"]
[White "Bouget, Alexandre"]
[Black "Vlassov, Nikolai"]
[WhiteFideId "681318"]
[BlackFideId "4103360"]
[WhiteElo "2267"]
[BlackElo "2283"]
[Result "1-0"]
[Round "06"]
[TimeControl "180+2"]
[Date "2023.01.31"]
[WhiteClock "0:00:33"]
[BlackClock "0:00:08"]

1. d4 Nf6 2. c4 Nc6 3. a3 e5 4. d5 Ne7 5. Nc3 Ng6 6. h4 Bc5 7. h5 Ne7 8. b4 Bd4 9. Bd2 a5 10. e3 axb4 11. axb4 Rxa1 12. Qxa1 Bxc3 13. Bxc3 d6 14. Bd3 O-O 15. e4 c6 16. Ne2 cxd5 17. cxd5 Qb6 18. Ng3 Ng4 19. O-O f5 20. exf5 Bxf5 21. Bxf5 Nxf5 22. Nxf5 Rxf5 23. Qa8+ Kf7 24. Qa5 Qxa5 25. bxa5 Nf6 26. Rb1 Nxd5 27. Rxb7+ Kf6 28. Bd2 Ke6 29. a6 Rf8 30. a7 Ra8 31. Rxg7 Ne7 32. Be3 Nc6 33. Rxh7 d5 34. Bb6 d4 35. Kf1 Kd5 36. h6 Kc4 37. Rb7 Kb5 38. Bxd4+ Kc4 39. Bb6 Kb5 40. Be3+ Kc4 41. h7 1-0


[Site "https://www.chess.com"]

[Event "Titled Tuesday Blitz January 31 Early 2023"]
[White "Darini, Pouria"]
[Black "Donskov, Anatoly"]
[WhiteFideId "12502200"]
[BlackFideId "24143413"]
[WhiteElo "2401"]
[BlackElo "2279"]
[Result "1-0"]
[Round "06"]
[TimeControl "180+2"]
[Date "2023.01.31"]
[WhiteClock "0:00:15"]
[BlackClock "0:00:07"]

1. Nf3 d5 2. b3 Nf6 3. Bb2 e6 4. e3 Be7 5. c4 O-O 6. Nc3 b6 7. cxd5 Nxd5 8. g3 Bb7 9. a3 c5 10. Bg2 Nd7 11. O-O N7f6 12. Qe2 a5 13. Rfd1 Ba6 14. d3 Qc7 15. Nxd5 Nxd5 16. Rac1 Rac8 17. Qc2 Qb8 18. Qb1 f6 19. d4 cxd4 20. Nxd4 Rxc1 21. Rxc1 Bc8 22. Qe4 f5 23. Qc2 Bc5 24. Qc4 Qd6 25. Rd1 Bxa3 26. Nb5 Ba6 27. Nxd6 Bxc4 28. Nxc4 Bc5 29. Bxd5 exd5 30. Rxd5 Ra8 31. Rxf5 a4 32. bxa4 Rxa4 33. Rf4 Rb4 34. Bc3 Rb3 35. Bd4 Be7 36. Nxb6 Rb1+ 37. Kg2 g5 38. Re4 Kf7 39. Rxe7+ Kxe7 40. Nd5+ Kf7 41. Nc3 Rb7 42. Ne4 Kg6 43. g4 h5 44. gxh5+ Kxh5 45. Kg3 Kg6 46. h4 gxh4+ 47. Kxh4 Kf5 48. Ng3+ Ke6 49. Kg4 Rf7 50. f4 Kd5 51. f5 Re7 52. f6 Rf7 53. Kf5 Rf8 54. Nh5 Rh8 55. Nf4+ Kd6 56. f7 Rf8 57. Bc5+ Kxc5 58. Ne6+ Kd6 59. Nxf8 Ke7 60. Kg6 Kxf8 61. e4 Ke7 62. Kg7 Ke6 63. f8=Q 1-0


[Site "https://www.chess.com"]

[Event "Titled Tuesday Blitz January 31 Early 2023"]
[White "Mirzoev, Azer"]
[Black "Rodriguez, Santiago"]
[WhiteFideId "13400304"]
[BlackFideId "3000591"]
[WhiteElo "2416"]
[BlackElo "2252"]
[Result "1-0"]
[Round "06"]
[TimeControl "180+2"]
[Date "2023.01.31"]
[WhiteClock "0:01:17"]
[BlackClock "0:00:14"]

1. c4 e5 2. Nc3 Nc6 3. e3 Bb4 4. Nge2 d6 5. a3 Bxc3 6. Nxc3 f5 7. d4 Nf6 8. Be2 O-O 9. O-O Qe8 10. d5 Nd8 11. f4 Nf7 12. Bd3 exf4 13. exf4 Nh6 14. h3 a6 15. Re1 Qg6 16. Bd2 Bd7 17. Qf3 Rae8 18. b4 Rxe1+ 19. Rxe1 Re8 20. Rxe8+ Qxe8 21. Qe3 Qxe3+ 22. Bxe3 Kf7 23. a4 Nhg8 24. a5 Ne7 25. Kf2 g6 26. Ne2 h5 27. Bd4 Ne4+ 28. Ke3 c5 29. bxc5 Nxc5 30. Bxc5 dxc5 31. Ng1 Nc8 32. Nf3 Ke7 33. Ne5 Be8 34. Kf3 Nd6 35. g4 fxg4+ 36. hxg4 hxg4+ 37. Kxg4 Kf6 38. Kg3 g5 39. Ng4+ Kg7 40. fxg5 Bg6 41. Bf1 Bc2 42. Kf4 Bb3 43. Ne5 Nf7 44. Nxf7 Kxf7 45. Bd3 Ba4 46. Ke5 1-0


[Site "https://www.chess.com"]

[Event "Titled Tuesday Blitz January 31 Early 2023"]
[White "Kielinkei"]
[Black "Dehtiarov, Roman"]
[BlackFideId "14186640"]
[WhiteElo "2440"]
[BlackElo "2289"]
[Result "0-1"]
[Round "06"]
[TimeControl "180+2"]
[Date "2023.01.31"]
[WhiteClock "0:00:01"]
[BlackClock "0:00:06"]

1. Nf3 Nf6 2. c4 c5 3. g3 Nc6 4. Bg2 e5 5. d3 d6 6. Nc3 g6 7. O-O Bg7 8. a3 O-O 9. Rb1 a5 10. e3 h6 11. d4 cxd4 12. exd4 Bf5 13. Ra1 e4 14. Nh4 Re8 15. Nxf5 gxf5 16. Bf4 d5 17. Nb5 dxc4 18. Nd6 Re7 19. Nxf5 Rd7 20. Nxg7 Kxg7 21. Qe2 Nxd4 22. Qxc4 Rc8 23. Qa4 b5 24. Qd1 Nf3+ 25. Bxf3 Rxd1 26. Raxd1 Qb6 27. Bg2 Rd8 28. Be5 Re8 29. Rd6 Qc5 30. Bxf6+ Kg8 31. Rfd1 e3 32. fxe3 Rxe3 33. Kh1 Kh7 34. Rd8 Qb6 35. Rh8+ Kg6 36. Bd4 Re1+ 37. Rxe1 Qxd4 38. Rg8+ Kh7 39. Rge8 Qxb2 40. R8e3 a4 41. Be4+ Kg7 42. Bg2 b4 43. axb4 Qxb4 44. Re4 Qb3 45. R4e3 Qb2 46. Bd5 a3 47. Rf3 f6 48. Re7+ Kf8 49. Rf7+ Ke8 0-1


[Site "https://www.chess.com"]